 Dungeon Crawl Stone Soup version 0.29.1-4-g47bece8355 (webtiles) character file.

Game seed: 3830065698899561860

48 DildoBatman the Conjurer (level 4, -5/32 HPs)
             Began as a Formicid Conjurer on Dec 11, 2022.
             Slain by a bullfrog (8 damage)
             ... on level 6 of the Dungeon.
             The game lasted 00:03:48 (1680 turns).

DildoBatman the Conjurer (Formicid Conjurer)        Turns: 1680, Time: 00:03:49

Health: -5/32      AC:  3    Str: 18    XL:     4   Next: 0%
Magic:  7/7        EV: 12    Int: 19    God:
Gold:   107        SH:  0    Dex: 12    Spells: 5/8 levels left

rFire   . . .      SeeInvis +   p - +0 sling
rCold   . . .      Faith    +   (no shield)
rNeg    . . .      Spirit   .   a - +0 robe
rPois   .          Reflect  .   (helmet unavailable)
rElec   .          Harm     .   (no cloak)
rCorr   .          Rampage  .   q - +0 pair of gloves
Will    .....                   (no boots)
Stlth   ++........              o - amulet of faith
HPRegen 0.10/turn               e - +6 ring of strength
MPRegen 0.10/turn               (no ring)

@: no status effects
A: permanent stasis, dig shafts and tunnels, antennae 3, four strong arms
a: Dig, Shaft Self


You were on level 6 of the Dungeon.
You visited 1 branch of the dungeon, and saw 5 of its levels.

You collected 107 gold pieces.

Inventory:

Hand Weapons
 g - a +0 club
 i - a +0 mace
 p - a +0 sling (weapon)
Missiles
 f - 23 stones
 n - 7 poisoned darts
 s - 3 javelins
Armour
 a - a +0 robe (worn)
 l - a +2 buckler
 q - a +0 pair of gloves (worn)
 r - a +0 leather armour of cold resistance
Jewellery
 e - a +6 ring of strength (left hand)
 o - an amulet of faith (around neck)
Scrolls
 c - a scroll of fog {unknown}
 h - 3 scrolls of identify {unknown}
 j - a scroll of poison {unknown}
 m - a scroll of fear {unknown}
 u - a scroll of immolation {unknown}
Potions
 b - a potion of magic
 d - 3 potions of curing {unknown}
 k - a potion of might {unknown}
 t - a potion of brilliance {unknown}


   Skills:
 * Level 1.2 Fighting
 * Level 1.5 Armour
 - Level 2.0 Dodging
 - Level 2.4 Stealth
 * Level 1.1 Shields
 * Level 2.6 Spellcasting
 * Level 3.8 Conjurations


You had 5 spell levels left.
You knew the following spells:

 Your Spells              Type           Power      Damage    Failure   Level
a - Searing Ray           Conj           34%        2d5       4%          2
c - Magic Dart            Conj           68%        1d6       3%          1

Your spell library contained the following spells:

 Spells                   Type           Power      Damage    Failure   Level
 Summon Small Mammal      Summ           8%         N/A       16%         1
 Dazzling Flash           Conj/Hex       18%        N/A       22%         3
 Call Canine Familiar     Summ           2%         N/A       43%         3
 Summon Guardian Golem    Hex/Summ       2%         N/A       43%         3
 Fulminant Prism          Conj/Hex       4%         3d6       56%         4
 Iskenderun's Mystic Bla  Conj/Tloc      9%         2d4       56%         4


Dungeon Overview and Level Annotations

Branches:
Dungeon (3/15)

Altars:

Annotations:
D:2 1 runed translucent door, 1 exclusion, Crazy Yiuf


Innate Abilities, Weirdness & Mutations

You cannot be hasted, slowed, berserked, paralysed or teleported.
You can dig through walls and to a lower floor.
You have a pair of large antennae on your head. (SInv)
Your four strong arms can wield two-handed weapons with a shield.


Message History

r - Retreat! s - Stop attacking. g - Guard the area. f - Follow me.
Anything else - Cancel.
You shout for attention!
The bullfrog hits you! What are your orders? t - Shout!
Orders for allies: a - Attack new target. r - Retreat! s - Stop attacking. g - Guard the area. f - Follow me.
Anything else - Cancel.
You shout for attention!
The bullfrog barely misses you. The bullfrog hits you.
What are your orders? t - Shout!
Orders for allies: a - Attack new target. r - Retreat! s - Stop attacking. g - Guard the area. f - Follow me.
Anything else - Cancel.
You shout for attention!
The bullfrog hits you. What are your orders? t - Shout!
Orders for allies: a - Attack new target. r - Retreat! s - Stop attacking. g - Guard the area. f - Follow me.
Anything else - Cancel.
You shout for attention!
The bullfrog hits you. The bullfrog hits you! What are your orders? t - Shout!
Orders for allies: a - Attack new target. r - Retreat! s - Stop attacking. g - Guard the area. f - Follow me.
Anything else - Cancel.
You shout for attention!
The bullfrog hits you!
You die...

........#
........#
........#
.........
........#
........#
#.....F.#
#@# #.#
..# ####


You could see a bullfrog.

Vanquished Creatures
  2 adders (D:2)
  A worm (D:2)
  4 endoplasms (D:1)
  A giant cockroach (D:1)
  4 goblins
  A hobgoblin (D:1)
  2 kobolds (D:2)
  3 quokkas (D:2)
  A ball python (D:1)
  4 bats
  2 frilled lizards
  2 rats
27 creatures vanquished.

Notes
Turn   | Place    | Note
-------+----------+-------------------------------------------
     0 | D:1      | DildoBatman the Formicid Conjurer began the quest for the
                  | Orb.
     0 | D:1      | Reached XP level 1. HP: 13/13 MP: 3/3
   241 | D:1      | Reached XP level 2. HP: 16/20 MP: 1/5
   244 | D:1      | Learned a level 2 spell: Searing Ray
   562 | D:1      | Reached skill level 1 in Armour
   800 | D:2      | Reached XP level 3. HP: 25/25 MP: 1/6
   857 | D:2      | Reached skill level 1 in Fighting
   907 | D:2      | Found a runed translucent door.
   908 | D:2      | Noticed Crazy Yiuf
  1148 | D:2      | Reached skill level 1 in Shields
  1636 | D:3      | Reached XP level 4. HP: 32/32 MP: 7/7
  1638 | D:3      | You fall into a shaft and drop 1 floor!
  1669 | D:4      | You fall into a shaft and drop 2 floors!
  1673 | D:6      | Noticed a bullfrog
  1680 | D:6      | Slain by a bullfrog

Illustrated notes

Levels and vault maps discovered:
D:1:      lightli_arrival_boilingwater, layout_loops_cross
D:2:      layout_loops_corners, uniq_crazy_yiuf_cottage
D:3:      layout_loops_corners, lemuel_doored_altar,
          nicolae_ecumenical_lake_church, kennysheep_potato, uniq_ijyb,
          uniq_grinder
D:4:      layout_cave_pods, nicolae_gozag_seed_capital,
          minmay_temple_entry_statues_fountains, serial_column_ruins,
          column_ruins_hut_ruined, column_ruins_hut,
          column_ruins_columns_straight, column_ruins_open_small,
          column_ruins_open_tiny, column_ruins_grid_1,
          nicolae_ossuary_entry_giza, grunt_ministairs_2
D:6:      layout_loops_ring

Skill      XL: |  1  2  3 |
---------------+----------+-----
Dodging        | 2 |  2.0
Armour         | 1 |  1.5
Fighting       | 1 |  1.2
Shields        | 1 |  1.1
Stealth        | |  2.4
Spellcasting   | |  2.6
Conjurations   | |  3.8

Action                   |  1- 3 |  4- 6 || total
-------------------------+-------+-------++-------
Melee: Mace              |     5 |       ||     5
 Fire: Sling             |    19 |       ||    19
 Cast: Magic Dart        |    28 |       ||    28
       Searing Ray       |     4 |       ||     4
 Abil: Shaft Self        |       |     2 ||     2
 Stab: Sleeping          |     2 |       ||     2
Dodge: Dodged            |     7 |     2 ||     9
